Easy

Match 20069003
End
Pioneer Squad
Construct Infanterie Kompanie
MG 42 Machine Gun Team
GrW 34 Mortar Team
Selects Mechanized Battlegroup
MG 42 Machine Gun Team
Construct Luftwaffe Kompanie
Jäger Squad
Jäger Squad
Construct Panzergrenadier Kompanie
251 Medium Carrier
Selects Raid Package
Selects StuG Assault Group
StuG Assault Group
Selects Mobile Repair Stations
Luftwaffe Officer Quarters
Flak 30 Anti-aircraft Gun Team
Jäger Squad
Selects Wespe Self-propelled Artillery
Wespe Self-propelled Artillery
Jäger Squad
Wespe Self-propelled Artillery
Selects Zeroing Artillery Barrage
Zeroing Artillery Barrage
Jäger Squad
Zeroing Artillery Barrage
Selects Panther Heavy Tank
Panther Heavy Tank
Jäger Squad
Jäger Squad
Jäger Squad
Wespe Self-propelled Artillery
Zeroing Artillery Barrage
Wespe Self-propelled Artillery
Zeroing Artillery Barrage
Flak 30 Anti-aircraft Gun Team
Jäger Squad
Flak 30 Anti-aircraft Gun Team
Zeroing Artillery Barrage
Big Cat
clippen05
ShodaN
kit.ohume
STALKER4732
ezh
0
0

Comments sign in to comment!

No comments posted yet!